 Dungeon Crawl Stone Soup version 0.23.2-30-g0e89c35649 (webtiles) character file.

Game seed: 14170262900763384369

2827 Mrkan the Grappler (level 9, -3/92 HPs)
             Began as a Troll Monk on June 24, 2019.
             Was a Priest of Wu Jian.
             Killed from afar by an orc wizard (12 damage)
             ... with a puff of frost
             ... on level 8 of the Dungeon.
             The game lasted 00:10:45 (5656 turns).

Mrkan the Grappler (Troll Monk)                     Turns: 5656, Time: 00:10:45

Health: -3/92      AC: 18    Str: 21    XL:     9   Next: 45%
Magic:  8/8        EV:  8    Int:  6    God:    Wu Jian [***...]
Gold:   293        SH:  0    Dex: 15    Spells: 8/8 levels left

rFire    . . .     SeeInvis +     - Unarmed
rCold    . . .     Gourm    +   (no shield)
rNeg     + . .     Faith    .   i - +0 pearl dragon scales
rPois    +         Spirit   .   (helmet restricted)
rElec    .         Reflect  .   n - +0 cloak {+Inv}
rCorr    .         Harm     .   (gloves unavailable)
MR       .....                  (boots unavailable)
Stlth    ..........             (no amulet)
HPRegen  0.65/turn              m - ring of see invisible
MPRegen  0.11/turn              A - ring of poison resistance

@: lethally poisoned (-3 -> -3)
A: large, unfitting armour, claws 3, fast metabolism 3, gourmand, regeneration
1, shaggy fur 1, tough skin 3
a: Wall Jump, Serpent's Lash, Renounce Religion, Evoke Invisibility


You were on level 8 of the Dungeon.
You worshipped Wu Jian.
Wu Jian was most pleased with you.
You were very full.

You visited 2 branches of the dungeon, and saw 9 of its levels.

You collected 293 gold pieces.

Inventory:

Hand Weapons
 z - a +2 trident of venom
Missiles
 w - 96 stones (quivered)
Armour
 i - +0 pearl dragon scales (worn)
 n - a +0 cloak of invisibility (worn)
Jewellery
 m - a ring of see invisible (left claw)
 A - a ring of poison resistance (right claw)
Wands
 C - a wand of clouds (4)
 F - a wand of digging (4)
Scrolls
 a - 4 scrolls of amnesia {unknown}
 c - 7 scrolls of identify
 d - 4 scrolls of teleportation
 e - 2 scrolls of remove curse {unknown}
 g - 2 scrolls of random uselessness {unknown}
 k - a scroll of magic mapping {unknown}
 l - 3 scrolls of blinking {unknown}
 q - a scroll of enchant weapon {unknown}
 r - 2 scrolls of enchant armour {unknown}
 s - a scroll of fear {unknown}
 u - 2 scrolls of noise {unknown}
 x - a scroll of fog {unknown}
 y - a scroll of vulnerability {unknown}
Potions
 f - a potion of haste {unknown}
 h - a potion of might {unknown}
 j - a potion of ambrosia {unknown}
 o - 2 potions of flight {unknown}
 p - 2 potions of curing {unknown}
 t - 2 potions of magic {unknown}
 v - a potion of cancellation {unknown}
 B - a potion of lignification {unknown}
 D - a potion of resistance {unknown}
Comestibles
 b - 8 rations


   Skills:
 + Level 6.8 Fighting
 + Level 6.2 Armour
 - Level 2.4 Dodging
 - Level 1.0 Stealth
 - Level 8.1 Unarmed Combat


You had 8 spell levels left.
You didn't know any spells.
Your spell library was empty.

Dungeon Overview and Level Annotations

Branches:
Dungeon (8/15)             Temple (1/1) D:5
   Lair: D:8-11

Altars:
Ashenzari
Cheibriados
Dithmenos
Elyvilon
Fedhas
Gozag
Hepliaklqana
Kikubaaqudgha
Makhleb
Nemelex Xobeh
Okawaru
Qazlal
Ru
Sif Muna
Trog
Uskayaw
Vehumet
Wu Jian
Xom
Yredelemnul
Zin
The Shining One

Annotations:
D:5 4 runed translucent doors, Dowan; Duvessa; bocha96's ghost, novice DsCK


Innate Abilities, Weirdness & Mutations

You are too large for most types of armour.
You have claws for hands.
Your metabolism is lightning-fast.
You like to eat raw meat.
Your natural rate of healing is unusually fast.
You are covered in fur. (AC +1)
You have extremely tough skin. (AC +3)


Message History

You feel sick.
The worker ant bites you but does no damage.
You feel sick. The hornet stings you.
* * * LOW HITPOINT WARNING * * *
You see here a +0 dagger.
You feel sick. The hornet stings you.
* * * LOW HITPOINT WARNING * * *
You feel yourself slow down.
You see here a +0 club.
You feel sick. The hornet closely misses you.
You feel sick.
The hornet stings you but does no damage.
The orc wizard hits you with a +0 dagger.
* * * LOW HITPOINT WARNING * * *
You feel yourself speed up.
You feel sick. The hornet closely misses you.
The orc wizard points at you and mumbles some strange words.
The puff of frost hits you!
You die...

#...........## .##.. .....
#<......#...####.#.... ......
###.÷..†#...#......... .$....
#...##.........##......###....
#..#....#.###...........##....
##.##.....##....#........##...
######........##.>..#........
##....#...##....#....# #.
##(....#.@............# ##
#(.....##oya...#......###.
###.(..##....###..........
###..###..).##.>.#......
#...).#..oo#....#..).#.
##..#####.)o...oo....#. #.##
###............ ###
###.#..........
#####...#..........


You could see a hornet, an orc warrior, a worker ant, an orc wizard and 2 orcs.

Vanquished Creatures
  Grinder (D:3)
  Sigmund (D:6)
  Eustachio (D:6)
  A water moccasin (D:8)
  A sky beast (D:2)
  2 ogres
  2 phantoms
  3 centaurs
  Blork the orc (D:5)
  3 bullfrogs
  A scorpion (D:8)
  3 killer bees (D:7)
  A crimson imp (D:2)
  3 howler monkeys
  Crazy Yiuf (D:3)
  A bullfrog zombie (D:7)
  3 jellies
  3 orc wizards
  3 bullfrog skeletons
  3 orc priests
  2 hounds
  An iguana (D:7)
  9 worker ants
  A hound skeleton (D:7)
  A worker ant zombie (D:7)
  Robin (D:3)
  9 adders
  A worm (D:5)
  A dart slug (D:2)
  5 leopard geckos
  23 orcs
  6 bats
  5 giant cockroaches
  12 hobgoblins
  13 jackals
  10 kobolds
  3 quokkas
  3 ball pythons
  4 frilled lizards
  16 goblins
  A leopard gecko skeleton (D:7)
  2 quokka skeletons
  5 rats
172 creatures vanquished.

Vanquished Creatures (others)
  A hobgoblin (D:2)
1 creature vanquished.

Grand Total: 173 creatures vanquished

Notes
Turn   | Place    | Note
-------+----------+-------------------------------------------
     0 | D:1      | Mrkan the Troll Monk began the quest for the Orb.
     0 | D:1      | Reached XP level 1. HP: 22/22 MP: 0/0
   214 | D:1      | Reached XP level 2. HP: 28/29 MP: 1/1
   338 | D:1      | Reached skill level 4 in Unarmed Combat
   524 | D:1      | You fall through a shaft!
   530 | D:2      | Reached XP level 3. HP: 34/36 MP: 2/2
   574 | D:2      | Found a radiant altar of Vehumet.
   817 | D:2      | Reached XP level 4. HP: 43/44 MP: 3/3
   851 | D:2      | Found a snail-covered altar of Cheibriados.
   855 | D:2      | Reached skill level 5 in Unarmed Combat
   974 | D:2      | Noticed a sky beast
   984 | D:2      | Killed a sky beast
   984 | D:2      | Reached skill level 6 in Unarmed Combat
   984 | D:2      | Reached XP level 5. HP: 16/50 MP: 4/4
  1338 | D:2      | Found a burning altar of Makhleb.
  1338 | D:2      | Noticed a balrug
  1341 | D:2      | Noticed a neqoxec
  1341 | D:2      | Noticed a ynoxinul
  1980 | D:3      | Found a runed translucent door.
  1981 | D:3      | Noticed Crazy Yiuf
  2000 | D:3      | Killed Crazy Yiuf
  2058 | D:3      | Noticed Grinder
  2094 | D:3      | Paralysed by Grinder for 6 turns
  2107 | D:3      | Killed Grinder
  2107 | D:3      | Reached skill level 7 in Unarmed Combat
  2107 | D:3      | Reached XP level 6. HP: 27/59 MP: 5/5
  2290 | D:3      | Noticed Robin
  2308 | D:3      | Killed Robin
  2308 | D:3      | Reached skill level 8 in Unarmed Combat
  2373 | D:3      | Found a deep blue altar of Sif Muna.
  2448 | D:4      | Reached XP level 7. HP: 66/66 MP: 6/6
  2450 | D:4      | Found a white marble altar of Elyvilon.
  2563 | D:4      | Reached skill level 1 in Armour
  2650 | D:4      | Found a glowing silver altar of Zin.
  2895 | D:5      | Entered Level 5 of the Dungeon
  2895 | D:5      | Noticed Blork the orc
  2900 | D:5      | Killed Blork the orc
  2983 | D:5      | Found a hide-covered altar of Uskayaw.
  2984 | D:5      | Found an ancient bone altar of Kikubaaqudgha.
  3012 | D:5      | Reached XP level 8. HP: 78/78 MP: 7/7
  3208 | D:5      | Found a runed translucent door.
  3210 | D:5      | Noticed Duvessa
  3210 | D:5      | Noticed Dowan
  3326 | D:5      | Found a staircase to the Ecumenical Temple.
  3334 | D:5      | Found a runed translucent gate.
  3334 | D:5      | Found a runed translucent gate.
  3335 | D:5      | Found a runed translucent gate.
  3337 | D:5      | Noticed bocha96's ghost (novice DsCK)
  3356 | Temple   | Entered the Ecumenical Temple
  3475 | Temple   | Became a worshipper of the Wu Jian Council
  3475 | Temple   | Reached * piety under Wu Jian
  3475 | Temple   | Reached ** piety under Wu Jian
  3548 | D:5      | Reached skill level 5 in Fighting
  3921 | D:6      | Found a sacrificial altar of Ru.
  4105 | D:6      | Noticed Sigmund
  4115 | D:6      | Killed Sigmund
  4151 | D:6      | Noticed Eustachio
  4158 | D:6      | Killed Eustachio
  4158 | D:6      | Reached skill level 5 in Armour
  4579 | D:7      | Reached XP level 9. HP: 85/89 MP: 8/8
  4815 | D:7      | Found a white marble altar of Elyvilon.
  5135 | D:7      | Found an opulent altar of Gozag.
  5135 | D:7      | Found a basalt altar of Yredelemnul.
  5137 | D:7      | Found an iron altar of Okawaru.
  5292 | D:7      | Found a stormy altar of Qazlal.
  5590 | D:8      | Reached *** piety under Wu Jian
  5639 | D:8      | Paralysed by a hornet for 1 turns
  5656 | D:8      | Killed from afar by an orc wizard

Skill      XL: |  1  2  3  4  5  6  7  8  9 |
---------------+----------------------------+-----
Unarmed Combat | 4 6 7 8 |  8.1
Armour         | 3 5 6 |  6.2
Fighting       | 4 5 6 |  6.8
Dodging        | |  2.4
Stealth        | |  1.0

Action                   |  1- 3 |  4- 6 |  7- 9 || total
-------------------------+-------+-------+-------++-------
Melee: Unarmed           |    78 |   115 |   301 ||   494
       Punch             |       |     3 |     9 ||    12
Invok: Lunge             |       |       |    12 ||    12
       Whirlwind         |       |       |    11 ||    11
  Use: Scroll            |       |     2 |     3 ||     5
 Stab: Sleeping          |     4 |     1 |       ||     5
  Eat: Chunk             |    13 |    15 |    28 ||    56
Armor: Robe              |    21 |    11 |       ||    32
       Pearl dragon scal |       |    84 |   192 ||   276
Dodge: Dodged            |    39 |    81 |   118 ||   238
